 Dungeon Crawl Stone Soup version 0.17.0-23-g0de4337 (webtiles) character file.

117329 HaroldButt the Imperceptible (level 16, -5/90 HPs)
             Began as a Spriggan Enchanter on Nov 13, 2015.
             Was a High Priest of Dithmenos.
             Killed by Olgreb's Toxic Radiance
             ... invoked by a naga ritualist
              (9 damage)
             ... on level 3 of the Snake Pit.
             The game lasted 02:56:33 (33538 turns).

HaroldButt the Imperceptible (Spriggan Enchanter)  Turns: 33538, Time: 02:56:33

Health: -5/90      AC: 14    Str:  4    XL:     16   Next: 23%
Magic:  8/28       EV: 36    Int: 20    God:    Dithmenos [*****.]
Gold:   284        SH:  0    Dex: 24    Spells: 4 memorised, 17 levels left

rFire  . . .     SeeInvis +     h - +7 dagger (elec)
rCold  . . .     Clarity  .     M - +1 steam dragon armour
rNeg   . . .     SustAt   .     (shield restricted)
rPois  x         Gourm    .     X - +1 hat {SInv}
rElec  .         Spirit   .     m - +1 cloak
rCorr  .         Warding  .     (gloves unavailable)
rMut   +         Stasis   .     (boots unavailable)
MR     ++...                    n - amulet of resist mutation
Stlth  ++++++++++               L - ring of protection from fire
                                e - ring of Modesty {rF- AC+5 Int+2 Dex+2 SInv}

@: lethally poisoned (-5 -> -80), poison vulnerable, wreathed by umbra, very
quick, very resistant to hostile enchantments, uncannily stealthy
A: unfitting armour, see invisible, herbivore 3, speed 3, slow metabolism 2
a: Shadow Step, Shadow Form, Renounce Religion


You were on level 3 of the Snake Pit.
You worshipped Dithmenos.
Dithmenos was extremely pleased with you.
You were not hungry.

You visited 5 branches of the dungeon, and saw 30 of its levels.
You also visited: Ice Cave.

You collected 2992 gold pieces.
You spent 2708 gold pieces at shops.

Inventory:

Hand Weapons
 h - a +7 dagger of electrocution (weapon)
 B - a +0 dagger of speed
 F - a +0 blowgun
Missiles
 f - 81 poisoned needles
 t - 13 curare-tipped needles
Armour
 m - a +1 cloak (worn)
 G - a +0 buckler
 M - a +1 steam dragon armour (worn)
 X - a +1 hat of see invisible (worn)
Jewellery
 e - the ring of Modesty (left hand) {rF- AC+5 Int+2 Dex+2 SInv}
   (You bought it in a shop on level 15 of the Dungeon)

   [ring of protection]

   It affects your AC (+5).
   It affects your intelligence (+2).
   It affects your dexterity (+2).
   It makes you vulnerable to fire.
   It lets you see invisible.
 n - an amulet of resist mutation (around neck)
 A - an uncursed ring of protection from cold
 E - a +5 ring of dexterity
 H - an uncursed ring of sustain attributes
 I - an uncursed ring of protection from cold
 L - a ring of protection from fire (right hand)
 N - an uncursed ring of positive energy
Wands
 i - a wand of cold (9)
 j - a wand of draining (5)
 w - a wand of teleportation (7)
 y - a wand of polymorph (19)
 C - a wand of cold (4)
 O - a wand of draining (4)
 Q - a wand of disintegration (6)
 T - a wand of polymorph (15)
 U - a wand of paralysis (7)
 Z - a wand of paralysis (18)
Scrolls
 l - 4 scrolls of amnesia
 p - 3 scrolls of recharging
 q - 12 scrolls of teleportation
 x - 3 scrolls of summoning
 P - 2 scrolls of remove curse
 S - 2 scrolls of blinking
 V - 2 scrolls of fog
 Y - 3 scrolls of fear
Potions
 a - 3 potions of flight
 g - 7 potions of might
 o - 7 potions of curing
 r - 3 potions of haste
 s - a potion of berserk rage
 v - 2 potions of brilliance
 z - 4 potions of cancellation
 D - 2 potions of agility
 J - 7 potions of heal wounds
 K - a potion of resistance
 R - a potion of cure mutation
Books
 c - a book of Maledictions

   Spells                             Type                      Level
   a - Corona                         Hexes                        1
   b - Ensorcelled Hibernation        Hexes/Ice                    2
   c - Confuse                        Hexes                        3
   d - Tukima's Dance                 Hexes                        3
   e - Dazzling Spray                 Conjuration/Hexes            3
 u - a book of the Sky

   Spells                             Type                      Level
   a - Summon Lightning Spire         Summoning/Air                4
   b - Airstrike                      Air                          4
   c - Silence                        Hexes/Air                    5
   d - Deflect Missiles               Charms/Air                   6
   e - Conjure Ball Lightning         Conjuration/Air              6
   f - Tornado                        Air                          9
Comestibles
 b - 9 fruits
 d - 21 bread rations
 W - 13 royal jellies


   Skills:
 - Level 12.8 Fighting
 - Level 10.0 Short Blades
 - Level 16.0 Dodging
 + Level 21.9 Stealth
 + Level 7.7 Spellcasting
 + Level 14.1 Hexes
 - Level 6.2 Ice Magic
 + Level 4.8 Air Magic
 - Level 5.0 Invocations


You had 17 spell levels left.
You knew the following spells:

 Your Spells              Type           Power        Failure   Level  Hunger
a - Dazzling Spray        Conj/Hex       #####...     1%          3    None
b - Ensorcelled Hibernat  Hex/Ice        #####.       1%          2    None
c - Tukima's Dance        Hex            ######..     1%          3    None
d - Silence               Hex/Air        #####.....   8%          5    #####..


Dungeon Overview and Level Annotations

Branches:
Dungeon (15/15)            Temple (1/1) D:5            Lair (7/8) D:10
  Swamp (0/4) Lair:6        Snake (3/4) Lair:5          Orc (4/4) D:10
    Elf (0/3) Orc:3        Vaults (0/5) D:13         Depths (0/5) D:15
  Slime: Lair:6-8

Altars:
Ashenzari
Cheibriados
Dithmenos
Elyvilon
Fedhas
Gozag
Kikubaaqudgha
Makhleb
Nemelex Xobeh
Okawaru
Qazlal
Ru
Sif Muna
Trog
Vehumet
Xom
Yredelemnul
Zin
The Shining One
Beogh

Shops:
D:13 **   D:15 *   Orc:1 *   Orc:4 ([!(   Snake:3 [

Annotations:
D:2 Natasha
D:5 exclusion: 5 killer bees
D:12 Urug


Innate Abilities, Weirdness & Mutations

You are tiny and cannot use many weapons and most armour.
You have supernaturally acute eyesight.
You are a herbivore.
You cover ground extremely quickly.
You need consume almost no food.


Message History

You feel sick.
The mana viper bites you but does no damage.
You hit the mana viper.
The mana viper is almost dead.
You feel sick.
You are more poisoned.
The mana viper misses you.
You feel very sick.
You feel sick.
* * * LOW HITPOINT WARNING * * *
You are more poisoned.
* * * LOW HITPOINT WARNING * * *
You feel very sick.
* * * LOW HITPOINT WARNING * * *
You are more poisoned.
* * * LOW HITPOINT WARNING * * *
You feel very sick.
* * * LOW HITPOINT WARNING * * *
You feel very sick.
You die...

#.........#.......#
#........#.......#
#........#.††....#
#....)...#N†....?#
#........#.......# ##
##.......#S......# #..
##...#..#).....## ....
###....#..#......#
#...##......#.∩@.......#
.###...:....#...####...#
#..............## #....
...............# #....
...............# ....
.....#...##....# ..
...#.#....#########
###..#..[.........##
..#≈≈............##


You could see a naga ritualist and a mana viper.

Vanquished Creatures
  Saint Roka (Orc:3)
  Rupert (Orc:4)
  Gastronok (Lair:3)
  2 greater nagas
  Maud (D:14)
  A frost giant (IceCv)
  Nessos (Lair:5)
  Snorg (D:11)
  A vault guard (D:13)
  Josephine (D:12)
  A yaktaur captain (D:15)
  The ghost of WereVolvo the Archer, a journeyman CeHu of Okawaru (Lair:1)
  5 hydras
  5 naga warriors
  4 anacondas
  A catoblepas (Lair:7)
  2 centaur warriors
  2 ogre magi (D:15)
  A queen ant (Lair:4)
  The ghost of WereVolvo the Champion of Chaos, a novice HuGl of Makhleb (Lair:1)
  3 shock serpents
  2 tengu warriors (D:15)
  2 naga sharpshooters (Snake:2)
  An iron troll (D:13)
  Sonja (D:11)
  Nergalle (Lair:2)
  A deep troll (D:15)
  3 unseen horrors
  4 sea snakes (Snake:3)
  A naga ritualist (Snake:1)
  3 hill giants
  An orc knight (Orc:3)
  A wolf spider zombie (D:15)
  An ugly thing (D:11)
  3 slime creatures (D:15)
  2 mana vipers (Snake:1)
  2 salamanders
  2 manticores
  3 orc sorcerers
  A griffon (D:14)
  4 elephants (Lair:5)
  2 cyclopes
  Maurice (D:11)
  10 naga magi
  Joseph (D:9)
  A gargoyle (D:11)
  2 guardian serpents (Snake:1)
  3 spiny frogs
  A torpor snail (Lair:5)
  8 komodo dragons
  A centaur skeleton (D:14)
  3 yaktaurs (D:11)
  A fire drake (Lair:4)
  25 black mambas
  An efreet (D:15)
  A kobold demonologist (D:15)
  3 trolls
  8 blink frogs
  A queen bee (Lair:3)
  12 polar bears (IceCv)
  A wolf spider simulacrum (D:14)
  3 two-headed ogres
  A boulder beetle (D:15)
  2 wyverns
  81 yaks
  4 hungry ghosts
  2 basilisks
  A human (D:7)
  4 wraiths
  Eustachio (D:4)
  7 hippogriffs
  A steam dragon (D:10)
  31 wolves
  3 vampire mosquitoes (D:14)
  A warg (Orc:3)
  Menkaure (D:4)
  Edmund (D:6)
  23 nagas
  A swamp worm (Lair:6)
  14 porcupines
  22 soldier ants
  An ice beast (D:10)
  4 black bears
  10 water moccasins
  32 orc warriors
  2 eyes of draining
  A necrophage (D:10)
  4 sky beasts
  A wasp (Lair:4)
  9 centaurs
  2 phantoms
  14 ogres
  A big kobold (D:9)
  13 crocodiles
  A wyvern skeleton (D:12)
  23 giant frogs
  3 scorpions
  41 killer bees
  4 troll zombies (D:10)
  5 wights (D:10)
  An electric eel (Lair:4)
  3 hounds
  4 centaur zombies
  8 crimson imps
  3 jellies
  24 orc priests
  35 orc wizards
  A gnoll shaman (D:4)
  Crazy Yiuf (D:6)
  9 iguanas
  2 giant frog skeletons
  30 worker ants
  Natasha (D:2)
  11 sheep
  A hound zombie (D:8)
  4 ogre zombies (D:10)
  2 hound skeletons
  Robin (D:4)
  A worker ant zombie (D:11)
  8 gnolls
  3 shadow imps
  11 adders
  55 river rats
  12 white imps (Lair:4)
  A worker ant simulacrum (D:9)
  An adder skeleton (D:6)
  4 adder zombies
  2 worms
  9 giant geckos
  164 orcs
  2 ball pythons (D:5)
  9 giant cockroaches
  14 goblins
  12 hobgoblins
  28 jackals
  3 kobolds
  5 bats
  2 giant gecko skeletons
  2 giant newts
  2 goblin zombies (D:10)
  2 hobgoblin skeletons (D:10)
  3 hobgoblin zombies (D:10)
  An orc skeleton (D:10)
  17 orc zombies (D:10)
  2 quokkas
  14 rats
1067 creatures vanquished.

Vanquished Creatures (collateral kills)
  A gargoyle (D:12)
1 creature vanquished.

Vanquished Creatures (others)
  3 orc wizards (D:11)
  2 orcs (D:11)
  2 fungi
  A plant (Lair:5)
8 creatures vanquished.

Grand Total: 1076 creatures vanquished

Notes
Turn   | Place    | Note
--------------------------------------------------------------
     0 | D:1      | HaroldButt the Spriggan Enchanter began the quest for the Orb.
     0 | D:1      | Reached XP level 1. HP: 9/9 MP: 5/5
    32 | D:1      | Reached skill level 5 in Stealth
    90 | D:1      | Reached XP level 2. HP: 13/13 MP: 6/6
   270 | D:1      | Reached skill level 6 in Stealth
   535 | D:1      | Reached XP level 3. HP: 16/16 MP: 8/8
   838 | D:2      | Found an ancient bone altar of Kikubaaqudgha.
   943 | D:3      | Reached skill level 7 in Stealth
  1653 | D:2      | Reached XP level 4. HP: 21/21 MP: 9/9
  1664 | D:2      | Learned a level 2 spell: Ensorcelled Hibernation
  1668 | D:2      | Learned a level 3 spell: Tukima's Dance
  1684 | D:2      | Noticed Natasha
  1697 | D:2      | Killed Natasha
  1697 | D:2      | Reached skill level 8 in Stealth
  1968 | D:2      | Noticed Natasha
  2642 | D:3      | Noticed an ogre
  2648 | D:3      | Killed an ogre
  2648 | D:3      | Reached skill level 5 in Hexes
  2648 | D:3      | Reached XP level 5. HP: 16/24 MP: 6/10
  2800 | D:3      | Found an opulent altar of Gozag.
  3663 | D:4      | Noticed Eustachio
  3667 | D:4      | Noticed Robin
  3713 | D:4      | Reached XP level 6. HP: 24/28 MP: 9/11
  3826 | D:4      | Killed Eustachio
  3885 | D:4      | Noticed an ogre
  3906 | D:4      | Killed an ogre
  3906 | D:4      | Reached skill level 5 in Short Blades
  4016 | D:4      | Reached XP level 7. HP: 28/32 MP: 12/12
  4364 | D:4      | Killed Robin
  4961 | D:4      | Noticed Menkaure
  5398 | D:4      | Killed Menkaure
  5543 | D:5      | Entered Level 5 of the Dungeon
  5738 | D:5      | Found a staircase to the Ecumenical Temple.
  5747 | Temple   | Entered the Ecumenical Temple
  5789 | Temple   | Became a worshipper of Dithmenos the Shadowed
  6068 | D:5      | Reached XP level 8. HP: 36/36 MP: 13/13
  6276 | D:6      | Reached skill level 9 in Hexes
  6282 | D:6      | Learned a level 3 spell: Dazzling Spray
  6415 | D:6      | Noticed Crazy Yiuf
  6421 | D:6      | Killed Crazy Yiuf
  6734 | D:6      | Reached skill level 5 in Dodging
  7039 | D:6      | Noticed Edmund
  7048 | D:6      | Killed Edmund
  7048 | D:6      | Reached * piety under Dithmenos
  7048 | D:6      | Reached skill level 10 in Stealth
  7454 | D:7      | Reached XP level 9. HP: 31/39 MP: 11/14
  7467 | D:7      | Reached skill level 11 in Stealth
  7928 | D:8      | Reached skill level 12 in Stealth
  7982 | D:8      | Reached ** piety under Dithmenos
  8386 | D:8      | Reached skill level 10 in Dodging
  8432 | D:8      | Reached skill level 13 in Stealth
  8733 | D:9      | Found a stormy altar of Qazlal.
  8834 | D:9      | Found a deep blue altar of Sif Muna.
  8857 | D:9      | Reached XP level 10. HP: 40/44 MP: 15/15
  9153 | D:9      | Noticed Joseph
  9157 | D:9      | Killed Joseph
  9157 | D:9      | Reached skill level 14 in Stealth
  9157 | D:9      | Reached skill level 10 in Hexes
  9295 | D:9      | Reached skill level 1 in Invocations
  9333 | D:9      | Reached *** piety under Dithmenos
  9633 | D:10     | Entered Level 10 of the Dungeon
  9662 | D:10     | Noticed a cyclops
  9767 | D:10     | Found a staircase to the Lair.
  9790 | D:10     | Reached skill level 15 in Stealth
 10345 | D:10     | Killed a cyclops
 10345 | D:10     | Reached skill level 5 in Invocations
 10352 | D:10     | Reached XP level 11. HP: 37/47 MP: 7/18
 10433 | D:10     | Reached skill level 16 in Stealth
 10550 | D:10     | Found a staircase to the Orcish Mines.
 10647 | D:10     | Reached **** piety under Dithmenos
 10668 | D:10     | Reached skill level 1 in Ice Magic
 11476 | D:11     | Noticed Snorg
 11481 | D:11     | Killed Snorg
 11563 | D:11     | Noticed an unseen horror
 11566 | D:11     | Killed an unseen horror
 11746 | D:11     | Noticed Sonja
 11750 | D:11     | Killed Sonja
 11783 | D:11     | Noticed Maurice
 11786 | D:11     | Killed Maurice
 11923 | D:11     | Noticed a hill giant
 11930 | D:11     | Killed a hill giant
 11930 | D:11     | Reached skill level 17 in Stealth
 12493 | D:12     | Noticed a seven-headed hydra
 12502 | D:12     | Killed a seven-headed hydra
 12855 | D:12     | Found a glowing golden altar of the Shining One.
 12915 | D:12     | Noticed Urug
 13197 | D:12     | Noticed Josephine
 13205 | D:12     | Killed Josephine
 13449 | D:12     | Reached XP level 12. HP: 24/51 MP: 1/19
 14034 | D:13     | Reached skill level 5 in Ice Magic
 14083 | D:13     | Reached skill level 18 in Stealth
 14220 | D:13     | Noticed a centaur warrior
 14230 | D:13     | Killed a centaur warrior
 14474 | D:12     | You fall through a shaft for 2 floors!
 14474 | D:14     | Found a shattered altar of Ashenzari.
 14653 | D:14     | Noticed Maud
 14656 | D:14     | Killed Maud
 14707 | D:14     | Reached skill level 10 in Short Blades
 14739 | D:14     | Reached skill level 1 in Fighting
 14948 | D:11     | Reached skill level 19 in Stealth
 15221 | D:11     | Reached ***** piety under Dithmenos
 15296 | Lair:1   | Entered Level 1 of the Lair of Beasts
 15583 | Lair:1   | Noticed WereVolvo's ghost (journeyman CeHu)
 16071 | Lair:2   | Noticed Nergalle
 16078 | Lair:2   | Killed Nergalle
 16128 | Lair:2   | Noticed a five-headed hydra
 16130 | Lair:2   | Reached XP level 13. HP: 59/59 MP: 20/20
 16133 | Lair:2   | Killed a five-headed hydra
 17330 | Lair:3   | Noticed Gastronok
 17338 | Lair:3   | Killed Gastronok
 17338 | Lair:3   | Reached skill level 20 in Stealth
 17762 | Lair:4   | Found a frozen archway.
 17858 | IceCv    | Entered an ice cave
 19198 | IceCv    | Noticed a frost giant
 19200 | IceCv    | Killed a frost giant
 19220 | IceCv    | Reached XP level 14. HP: 58/63 MP: 11/21
 19270 | IceCv    | Identified Sif Muna's Catalogue of Igneous Dark Secrets
 19420 | Lair:4   | Reached ****** piety under Dithmenos
 19499 | Lair:4   | Reached skill level 21 in Stealth
 20825 | Lair:5   | Reached skill level 15 in Dodging
 20917 | Lair:5   | Noticed Nessos
 20922 | Lair:5   | Found a staircase to the Snake Pit.
 20939 | Lair:5   | Killed Nessos
 22014 | Lair:6   | Found a staircase to the Swamp.
 22131 | Lair:6   | Learned a level 5 spell: Silence
 22513 | Lair:7   | Reached skill level 1 in Air Magic
 22910 | Lair:7   | Reached skill level 5 in Spellcasting
 23395 | Lair:1   | Killed WereVolvo's ghost
 23473 | Lair:1   | Noticed WereVolvo's ghost (novice HuGl)
 23504 | Lair:1   | Killed WereVolvo's ghost
 23996 | Orc:1    | Entered Level 1 of the Orcish Mines
 24127 | Orc:1    | Found Fobail's Fabulous Fripperies.
 24135 | Orc:1    | Bought a manual of Fighting for 1545 gold pieces
 24205 | Orc:1    | Reached skill level 5 in Fighting
 24723 | Orc:1    | Found a roughly hewn altar of Beogh.
 24930 | Orc:3    | Found a staircase to the Elven Halls.
 25044 | Orc:3    | Found a roughly hewn altar of Beogh.
 25632 | Orc:4    | Entered Level 4 of the Orcish Mines
 25663 | Orc:4    | Found a roughly hewn altar of Beogh.
 25680 | Orc:4    | Found a roughly hewn altar of Beogh.
 25681 | Orc:4    | Found Ytemn's Antique Weapon Shoppe.
 25837 | Orc:4    | Found a roughly hewn altar of Beogh.
 25983 | Orc:4    | Found a roughly hewn altar of Beogh.
 25995 | Orc:4    | Found Naiseuhi's Distillery.
 26010 | Orc:4    | Bought a potion of berserk rage for 70 gold pieces
 26010 | Orc:4    | Bought a potion of cure mutation for 490 gold pieces
 26012 | Orc:4    | Bought a potion of heal wounds for 70 gold pieces
 26012 | Orc:4    | Bought a potion of heal wounds for 70 gold pieces
 26088 | Orc:4    | Found a roughly hewn altar of Beogh.
 26173 | Orc:4    | Found a roughly hewn altar of Beogh.
 26300 | Orc:4    | Found a roughly hewn altar of Beogh.
 26314 | Orc:4    | Noticed Rupert
 26324 | Orc:4    | Killed Rupert
 26324 | Orc:4    | Reached XP level 15. HP: 75/77 MP: 19/24
 26375 | Orc:4    | Found a roughly hewn altar of Beogh.
 26505 | Orc:4    | Noticed Saint Roka
 27240 | Orc:3    | Killed Saint Roka
 27546 | Orc:4    | Found Engaq's Antique Armour Emporium.
 27547 | Orc:4    | Found a roughly hewn altar of Beogh.
 27561 | Orc:4    | Found Mageumm's Antique Weapon Shoppe.
 28234 | D:13     | Found Coffez's Assorted Antiques.
 28239 | D:13     | Bought a potion of heal wounds for 155 gold pieces
 28239 | D:13     | Bought a scroll of teleportation for 93 gold pieces
 28256 | D:13     | Reached skill level 10 in Fighting
 28440 | D:13     | Found Ahisi's Assorted Antiques.
 28448 | D:13     | Bought a scroll of teleportation for 75 gold pieces
 28463 | D:13     | Found a shadowy altar of Dithmenos.
 28590 | D:13     | Noticed a vault guard
 28594 | D:13     | Killed a vault guard
 28612 | D:13     | Found a gate to the Vaults.
 28662 | D:13     | Found a white marble altar of Elyvilon.
 29187 | D:15     | Entered Level 15 of the Dungeon
 29868 | D:15     | Found a staircase to the Depths.
 30269 | D:15     | Found Wuablon's Assorted Antiques.
 30280 | D:15     | Bought a warped silver ring for 140 gold pieces
 30286 | D:15     | Identified the ring of Modesty {rF- AC+5 Int+2 Dex+2 SInv} (You bought it in a shop on level 15 of the Dungeon)
 30763 | Snake:1  | Entered Level 1 of the Snake Pit
 32796 | Snake:2  | Noticed a greater naga
 32800 | Snake:2  | Killed a greater naga
 32806 | Snake:2  | Reached XP level 16. HP: 85/90 MP: 20/27
 33294 | Snake:3  | Found Arghi's Antique Armour Boutique.
 33538 | Snake:3  | HP: 4/90 [poisoned by a naga ritualist (toxic radiance)]
 33538 | Snake:3  | Killed from afar by a naga ritualist

Action                   |  1- 3 |  4- 6 |  7- 9 | 10-12 | 13-15 | 16-18 || total
-------------------------+-------+-------+-------+-------+-------+-------++-------
Melee: Dagger            |   219 |   140 |   362 |   504 |  1522 |    64 ||  2811
 Fire: Blowgun           |       |       |       |     1 |       |       ||     1
 Cast: Corona            |     4 |     3 |     2 |       |       |       ||     9
       Ensorcelled Hiber |       |    21 |    60 |   120 |   322 |    40 ||   563
       Tukima's Dance    |       |       |     1 |    10 |       |       ||    11
       Dazzling Spray    |       |       |     1 |     3 |    34 |       ||    38
Invok: Shadow Step       |       |       |       |     2 |    18 |     1 ||    21
Evoke: Wand              |       |       |     3 |     2 |       |       ||     5
  Use: Scroll            |       |       |    17 |     7 |    15 |     2 ||    41
       Potion            |       |       |     2 |       |     6 |       ||     8
 Stab: Sleeping          |    14 |    18 |    63 |   116 |   405 |    23 ||   639
       Distracted        |     1 |     3 |     3 |    11 |     8 |       ||    26
       Invisible         |       |       |     1 |       |    11 |       ||    12
       Confused          |       |       |       |       |     1 |       ||     1
  Eat: Fruit             |       |     2 |     6 |       |    11 |     1 ||    20
       Royal jelly       |       |       |     2 |     2 |     4 |       ||     8
       Pizza             |       |       |       |     7 |     2 |       ||     9
